 Dungeon Crawl Stone Soup version 0.21.1-1-g345015fe64 (webtiles) character file.

8121 Peloso the Carver (level 11, 0/94 HPs)
             Began as a Minotaur Fighter on July 18, 2018.
             Was a Believer of Okawaru.
             Slain by Snorg (8 damage)
             ... on level 10 of the Dungeon.
             The game lasted 00:20:27 (8019 turns).

Peloso the Carver (Minotaur Fighter)                Turns: 8019, Time: 00:20:27

Health: 0/94       AC: 16    Str: 22    XL:     11   Next: 5%
Magic:  11/12      EV:  9    Int:  5    God:    Okawaru [**....]
Gold:   603        SH: 12    Dex: 12    Spells: 10/10 levels left

rFire    . . .     SeeInvis .   a - +0 long sword
rCold    . . .     Gourm    +   c - +0 shield
rNeg     . . .     Faith    .   A - +0 chain mail
rPois    .         Spirit   .   t - +0 hat {MR+}
rElec    .         Reflect  .   v - +0 cloak
rCorr    .         Harm     .   h - +0 pair of gloves
MR       +....                  p - +1 pair of boots
Stlth    ..........             L - amulet of the gourmand
HPRegen  0.25/turn              (no ring)
MPRegen  0.13/turn              (no ring)

@: no status effects
A: retaliatory headbutt, horns 2
a: Heroism, Renounce Religion


You were on level 10 of the Dungeon.
You worshipped Okawaru.
Okawaru was pleased with you.
You were very full.

You visited 2 branches of the dungeon, and saw 11 of its levels.

You collected 603 gold pieces.

Inventory:

Hand Weapons
 a - a +0 long sword (weapon)
Armour
 b - a +0 scale mail
 c - a +0 shield (worn)
 h - a +0 pair of gloves (worn)
 p - a +1 pair of boots (worn)
 t - a +0 hat of magic resistance (worn)
 v - a +0 cloak (worn)
 A - a +0 chain mail (worn)
Jewellery
 L - an amulet of the gourmand (around neck)
Wands
 r - a wand of random effects (36)
 y - a wand of flame (42)
 M - a wand of iceblast (10)
 N - a wand of enslavement (14)
Scrolls
 g - 6 scrolls of remove curse {unknown}
 i - 3 scrolls of enchant weapon {unknown}
 k - a scroll of immolation {unknown}
 l - a scroll of enchant armour {unknown}
 m - 4 scrolls of teleportation {unknown}
 q - 2 scrolls of fog {unknown}
 s - 2 scrolls of random uselessness {unknown}
 u - 4 scrolls of amnesia {unknown}
 z - a scroll of blinking {unknown}
 C - a scroll of magic mapping {unknown}
 F - 5 scrolls of identify
 J - a scroll of holy word {unknown}
 K - a scroll of noise {unknown}
Potions
 d - a potion of might
 e - 2 potions of heal wounds {unknown}
 n - a potion of ambrosia
 o - 2 potions of magic
 w - 4 potions of curing
 x - 3 potions of agility
 B - a potion of haste
 E - a potion of resistance
 H - a potion of brilliance {unknown}
 I - a potion of lignification {unknown}
Books
 j - a book of Changes

   Spells                             Type                      Level
   a - Beastly Appendage              Transmutation                1
   b - Sticks to Snakes               Transmutation                2
   c - Spider Form                    Transmutation/Poison         3
   d - Ice Form                       Ice/Transmutation            4
   e - Blade Hands                    Transmutation                5
 D - a Young Poisoner's Handbook

   Spells                             Type                      Level
   a - Sting                          Conjuration/Poison           1
   b - Poisonous Vapours              Poison/Air                   2
   c - Mephitic Cloud                 Conjuration/Poison/Air       3
   d - Olgreb's Toxic Radiance        Poison                       4
   e - Venom Bolt                     Conjuration/Poison           5
 G - a book of Cantrips

   Spells                             Type                      Level
   a - Confusing Touch                Hexes                        1
   b - Animate Skeleton               Necromancy                   1
   c - Summon Small Mammal            Summoning                    1
   d - Apportation                    Translocation                1
 O - Sif Muna's Handbook of Creation
   (You found it on level 9 of the Dungeon)

   Spells                             Type                      Level
   a - Summon Small Mammal            Summoning                    1
Comestibles
 f - 16 rations


   Skills:
 + Level 8.0 Fighting
 + Level 12.2 Long Blades
 + Level 10.0 Armour
 + Level 4.4 Dodging
 + Level 0.8 Stealth
 + Level 10.0 Shields
 + Level 3.0 Evocations


You had 10 spell levels left.
You didn't know any spells.

Dungeon Overview and Level Annotations

Branches:
Dungeon (10/15)            Temple (1/1) D:5             Orc (0/2) D:9
   Lair: D:8-11

Altars:
Ashenzari
Cheibriados
Dithmenos
Elyvilon
Fedhas
Gozag
Hepliaklqana
Kikubaaqudgha
Makhleb
Nemelex Xobeh
Okawaru
Qazlal
Ru
Sif Muna
Trog
Uskayaw
Vehumet
Wu Jian
Xom
Yredelemnul
Zin
The Shining One
Jiyva

Annotations:
D:10 Snorg


Innate Abilities, Weirdness & Mutations

You reflexively headbutt those who attack you in melee.
You have a pair of horns on your head.


Message History

Snorg bites you!! Snorg misses you. You block Snorg's attack.
You barely miss Snorg.
Snorg is almost dead.
You block Snorg's attack. Snorg claws you.
* * * LOW HITPOINT WARNING * * *
Snorg closely misses you.
You slash Snorg!
Snorg is almost dead.
You feel like a meek peon again. You block Snorg's attack.
Snorg closely misses you. x2
You block Snorg's attack. Snorg claws you!
* * * LOW HITPOINT WARNING * * *
Snorg claws you.
* * * LOW HITPOINT WARNING * * *
Unknown command.
Okay, then.
You hit Snorg. You headbutt Snorg, but do no damage.
Snorg is almost dead.
You block Snorg's attack. Snorg barely misses you. Snorg claws you!
You die...

.##.....##.....#.###...#.....####
........''.................(.....
###.....##.....#......<....#..#.#
#.....##.....#####.#.##).#..#.#
##.....##.....# #.....).#..#.#
#......####.#########..##....#)#
#......# ...............)..#.#
#.###### ####....###..####)#)#
#.###########.T@...............#
#.#........##.#.|..####.####.###
#.#......).##)###### #..# #.# #
.........).......# #####.###.#
.............T...# #.........#
_..............# #.........#
...............# #.........###
...............# #.........#..
...............# #.........#..


You could see Snorg (berserk).

Vanquished Creatures
  Gastronok (D:8)
  A two-headed ogre (D:10)
  Psyche (D:8)
  A troll (D:10)
  A hippogriff (D:7)
  A slime creature (D:10)
  3 yaks (D:10)
  A wyvern (D:9)
  2 fire bats (D:6)
  Duvessa (D:7)
  3 orc warriors
  2 sky beasts
  2 phantoms
  4 ogres
  4 centaurs
  A crocodile (D:9)
  2 big kobolds
  Blork the orc (D:6)
  4 bullfrogs
  2 gnoll sergeants
  Dowan (D:7)
  3 scorpions
  2 howler monkeys
  3 jellies (D:10)
  A bullfrog zombie (D:7)
  2 centaur zombies
  7 crimson imps
  3 hounds
  2 centaur skeletons
  6 orc priests
  A bullfrog skeleton (D:10)
  2 iguanas
  Ijyb (D:3)
  13 orc wizards
  7 worker ants
  A killer bee zombie (D:5)
  A hound zombie (D:5)
  2 hound skeletons
  A howler monkey zombie (D:10)
  6 adders
  7 gnolls
  A howler monkey skeleton (D:7)
  A shadow imp (D:9)
  3 oozes
  An adder skeleton (D:5)
  An adder zombie (D:5)
  4 worms
  6 dart slugs
  5 leopard geckos
  41 orcs
  8 bats
  6 giant cockroaches
  8 goblins
  6 hobgoblins
  11 jackals
  5 quokkas
  2 frilled lizards
  9 kobolds
  10 rats
238 creatures vanquished.

Notes
Turn   | Place    | Note
-------+----------+-------------------------------------------
     0 | D:1      | Peloso the Minotaur Fighter began the quest for the Orb.
     0 | D:1      | Reached XP level 1. HP: 19/19 MP: 0/0
    23 | D:1      | Reached XP level 2. HP: 27/27 MP: 1/1
   293 | D:1      | Reached XP level 3. HP: 33/33 MP: 2/2
   391 | D:1      | Reached skill level 3 in Long Blades
   840 | D:2      | Reached XP level 4. HP: 38/40 MP: 3/3
   866 | D:2      | Found a glowing silver altar of Zin.
  1225 | D:3      | Found a shadowy altar of Dithmenos.
  1462 | D:3      | Noticed Ijyb
  1503 | D:3      | Reached skill level 4 in Long Blades
  1503 | D:3      | Reached XP level 5. HP: 29/47 MP: 4/4
  1513 | D:3      | Killed Ijyb
  1513 | D:3      | Reached skill level 1 in Dodging
  2170 | D:4      | Reached skill level 5 in Shields
  2170 | D:4      | Reached XP level 6. HP: 34/53 MP: 5/5
  2173 | D:4      | Reached skill level 5 in Long Blades
  2182 | D:4      | Got a warped ring mail
  2194 | D:4      | Identified the +2 ring mail of Voizir {rN++ Int+3 Dex-4 Slay+2} (You took it off an orc priest on level 4 of the Dungeon)
  2326 | D:4      | Reached skill level 5 in Armour
  2545 | D:5      | Entered Level 5 of the Dungeon
  2562 | D:4      | Reached skill level 6 in Long Blades
  2639 | D:5      | Reached XP level 7. HP: 60/60 MP: 6/6
  2881 | D:5      | Reached skill level 7 in Long Blades
  2898 | D:5      | Found an opulent altar of Gozag.
  3017 | D:5      | Reached skill level 5 in Fighting
  3243 | D:5      | Reached XP level 8. HP: 38/68 MP: 7/7
  3434 | D:5      | Found a basalt altar of Yredelemnul.
  3486 | D:5      | Found a white marble altar of Elyvilon.
  3604 | D:5      | Found a staircase to the Ecumenical Temple.
  3613 | Temple   | Entered the Ecumenical Temple
  3877 | D:6      | Reached skill level 8 in Long Blades
  3932 | D:6      | Found a transporter.
  4171 | D:6      | Found a transporter.
  4177 | D:6      | Noticed Blork the orc
  4198 | D:6      | Killed Blork the orc
  4291 | D:6      | Reached skill level 9 in Long Blades
  4399 | D:6      | Found a shimmering altar of Xom.
  4400 | D:6      | Found a hazy altar of Hepliaklqana.
  4401 | D:6      | Noticed a spectral ugly thing
  4459 | D:6      | Found a glowing golden altar of the Shining One.
  4575 | D:6      | Found a glowing golden altar of the Shining One.
  4703 | D:7      | Noticed Dowan
  4704 | D:7      | Noticed Duvessa
  4723 | D:7      | Killed Duvessa
  4723 | D:7      | Reached XP level 9. HP: 72/75 MP: 8/8
  4740 | D:7      | Killed Dowan
  5159 | D:7      | Reached skill level 10 in Long Blades
  5584 | D:8      | Noticed Psyche
  5594 | D:8      | Killed Psyche
  5693 | D:8      | Found a sparkling altar of Nemelex Xobeh.
  5853 | D:8      | Noticed Gastronok
  5901 | D:8      | Killed Gastronok
  5901 | D:8      | Reached skill level 11 in Long Blades
  5901 | D:8      | Reached XP level 10. HP: 13/86 MP: 8/10
  6466 | D:9      | Found a staircase to the Orcish Mines.
  6684 | D:9      | Found an iron altar of Okawaru.
  6687 | D:9      | Became a worshipper of Warmaster Okawaru
  7064 | D:9      | Found an ancient bone altar of Kikubaaqudgha.
  7064 | D:9      | Found a deep blue altar of Sif Muna.
  7074 | D:9      | Found a radiant altar of Vehumet.
  7091 | D:9      | Identified Sif Muna's Handbook of Creation
  7212 | D:10     | Entered Level 10 of the Dungeon
  7234 | D:10     | Reached * piety under Okawaru
  7434 | D:10     | Noticed a two-headed ogre
  7456 | D:10     | Killed a two-headed ogre
  7473 | D:10     | Noticed Snorg
  7597 | D:10     | Reached skill level 12 in Long Blades
  7634 | D:10     | Reached ** piety under Okawaru
  7876 | D:10     | Reached XP level 11. HP: 52/94 MP: 12/12
  7886 | D:10     | Reached skill level 10 in Armour
  7915 | D:10     | Reached skill level 10 in Shields
  7916 | D:10     | Found a viscous altar of Jiyva.
  8019 | D:10     | Slain by Snorg

Skill      XL: |  1  2  3  4  5  6  7  8  9 10 11 |
---------------+----------------------------------+-----
Shields        | 4 5 6 7 8 9 10 | 10.0
Armour         | 4 5 7 8 9 10 | 10.0
Fighting       | 4 5 6 7 8 |  8.0
Long Blades    | 3 4 6 7 9 11 12 | 12.2
Dodging        | 1 2 4 |  4.4
Evocations     | 2 3 |  3.0
Stealth        | |  0.8

Action                   |  1- 3 |  4- 6 |  7- 9 | 10-12 || total
-------------------------+-------+-------+-------+-------++-------
Melee: Long sword        |    85 |   144 |   307 |   336 ||   872
       Headbutt          |    15 |    33 |    60 |    85 ||   193
Invok: Heroism           |       |       |       |     3 ||     3
Evoke: Wand              |       |       |    16 |       ||    16
  Use: Scroll            |       |     3 |     3 |       ||     6
  Eat: Chunk             |       |     6 |    11 |    16 ||    33
Armor: Scale mail        |    61 |    66 |     4 |       ||   131
       Chain mail        |       |       |   112 |   147 ||   259
Dodge: Dodged            |    39 |    45 |    73 |    78 ||   235
Block: Shield            |    80 |    76 |   147 |   171 ||   474
       Rpst.: Long sword |    15 |    10 |    16 |    17 ||    58
